 Dungeon Crawl Stone Soup version 0.23-a0-373-g305c090 (webtiles) character file.

68 Ijustatesigmund the Conjurer (level 4, -4/27 HPs)
             Began as an Octopode Conjurer on Oct 25, 2018.
             Killed by nerve-wracking pain
             ... invoked by an orc priest
              (8 damage)
             ... on level 2 of the Dungeon.
             The game lasted 00:05:53 (2171 turns).

Ijustatesigmund the Conjurer (Octopode Conjurer)    Turns: 2171, Time: 00:05:54

Health: -4/27      AC:  1    Str:  7    XL:     4   Next: 19%
Magic:  3/7        EV: 13    Int: 18    God:
Gold:   43         SH:  0    Dex:  9    Spells: 1/7 levels left

rFire    . . .     SeeInvis .   c - +0 whip
rCold    . . .     Gourm    .   (no shield)
rNeg     . . .     Faith    .   (helmet restricted)
rPois    .         Spirit   .   (no amulet)
rElec    .         Reflect  .   f - -3 ring of dexterity (curse)
rCorr    .         Harm     .   (no ring)
MR       .....                  (no ring)
Stlth    +++.......             (no ring)
HPRegen  0.09/turn              (no ring)
MPRegen  0.10/turn              (no ring)
                                (no ring)
                                (no ring)

@: very slightly contaminated
A: almost no armour, stealthy swim, amphibious, 8 rings, constrict 8, camouflage
1, gelatinous body 1
a: no special abilities


You were on level 2 of the Dungeon.
You were not hungry.

You visited 1 branch of the dungeon, and saw 2 of its levels.

You collected 43 gold pieces.

Inventory:

Hand Weapons
 c - a +0 whip (weapon)
Jewellery
 f - a cursed -3 ring of dexterity (left tentacle)
Scrolls
 e - a scroll of random uselessness
Comestibles
 b - a ration


   Skills:
 - Level 2.0 Dodging
 - Level 2.6 Stealth
 - Level 2.0 Spellcasting
 - Level 4.9 Conjurations
 + Level 2.3 Hexes


You had one spell level left.
You knew the following spells:

 Your Spells              Type           Power        Failure   Level  Hunger
a - Magic Dart            Conj           ###.         2%          1    #......
b - Searing Ray           Conj           ###...       3%          2    ###....
c - Dazzling Spray        Conj/Hex       ##....       12%         3    ###....

Your spell library contained the following spells:

 Spells                   Type           Power        Failure   Level  Hunger
 Iskenderun's Mystic Bla  Conj           ###.....     24%         4    #####..
 Fulminant Prism          Conj/Hex       ##........   38%         4    #####..
 Force Lance              Conj/Tloc      ##......     54%         4    #####..


Dungeon Overview and Level Annotations

Branches:
Dungeon (2/15)

Altars:


Innate Abilities, Weirdness & Mutations

You cannot wear most types of armour.
You are very stealthy in the water. (Stealth+)
You are amphibious.
You can wear up to eight rings at the same time.
You can use your tentacles to constrict eight enemies at once.
Your skin changes colour to match your surroundings (Stealth+).
Your rubbery body absorbs attacks. (AC +1, EV +1)


Message History

You constrict the orc priest.
The orc priest hits you with a +0 hand axe.
You are too injured to fight recklessly!
You are too injured to fight recklessly!
You hit the orc priest but do no damage.
The orc priest is heavily wounded.
You constrict the orc priest, but do no damage.
The giant cockroach barely misses you.
The orc priest hits you with a +0 hand axe.
* * * LOW HITPOINT WARNING * * *
A kobold comes into view. It is wielding a +0 club.
You hit the orc priest but do no damage.
You squeeze the orc priest.
The orc priest is almost dead.
You constrict the orc priest, but do no damage.
The giant cockroach closely misses you. The frilled lizard bites you.
* * * LOW HITPOINT WARNING * * *
The orc priest invokes the aid of Beogh against you.
Pain shoots through your body!
You die...

.#######.#
#.## #..#
#..# #..####
#.....#
##.##.....+
...........#
.##.##..s@.#
# #...ol#
#.###.# #.
.# #. .# #.
K# .. ..


You could see an orc priest, a giant cockroach, a kobold and a frilled lizard.

Vanquished Creatures
  An orc wizard (D:2)
  A worm (D:2)
  2 dart slugs (D:1)
  A leopard gecko (D:1)
  2 orcs (D:2)
  A giant cockroach (D:1)
  6 goblins
  4 hobgoblins
  3 jackals (D:2)
  3 bats (D:1)
  2 frilled lizards (D:1)
  2 kobolds (D:1)
  A rat (D:1)
29 creatures vanquished.

Notes
Turn   | Place    | Note
-------+----------+-------------------------------------------
     0 | D:1      | Ijustatesigmund the Octopode Conjurer began the quest for
                  | the Orb.
     0 | D:1      | Reached XP level 1. HP: 11/11 MP: 3/3
    10 | D:1      | Noticed an electric eel
   389 | D:1      | Reached XP level 2. HP: 17/17 MP: 3/5
   393 | D:1      | Learned a level 2 spell: Searing Ray
  1175 | D:1      | Reached XP level 3. HP: 19/21 MP: 2/6
  1180 | D:1      | Learned a level 3 spell: Dazzling Spray
  1539 | D:2      | Reached skill level 1 in Hexes
  1886 | D:2      | Reached XP level 4. HP: 25/27 MP: 0/7
  2171 | D:2      | Killed from afar by an orc priest

Vault maps used:
D:1:      arrival_aquarium_a
D:2:      roderic_nine_men_s_morris, uniq_terence

Skill      XL: |  1  2  3 |
---------------+----------+-----
Hexes          | 2 |  2.3
Dodging        | |  2.0
Stealth        | |  2.6
Spellcasting   | |  2.0
Conjurations   | |  4.9

Action                   |  1- 3 |  4- 6 || total
-------------------------+-------+-------++-------
Melee: Whip              |     7 |     8 ||    15
       Tentacles         |     2 |     1 ||     3
       Constrict         |     2 |     2 ||     4
 Cast: Magic Dart        |    48 |    10 ||    58
       Searing Ray       |     1 |       ||     1
  Use: Scroll            |       |     2 ||     2
  Eat: Chunk             |     2 |       ||     2
       Ration            |     1 |       ||     1
Armor: Skin              |     1 |       ||     1
Dodge: Dodged            |    14 |     3 ||    17

Table legend:
 A = Non-vault XP
 B = Vault XP
 C = Vault XP percentage of total XP
 D = Non-vault monster count
 E = Vault monster count
 F = Vault count percentage of total count
                 A         B        C        D         E       F
            +---------+---------+-------+---------+---------+-------
      Total |      98 |       0 |   0.0 |      29 |       0 |   0.0
            +---------+---------+-------+---------+---------+-------
        D:1 |      35 |       0 |   0.0 |      19 |       0 |   0.0
        D:2 |      63 |       0 |   0.0 |      10 |       0 |   0.0
            +---------+---------+-------+---------+---------+-------
